 Dungeon Crawl Stone Soup version 0.31-a0-848-gaac375c287 (webtiles) character file.

Game seed: 7664251064598360845

92 porpoise the Shooter (level 4, -5/35 HPs)
             Began as a Human Hunter on Oct 5, 2023.
             Killed by divine providence
             ... invoked by an orc priest
              (8 damage)
             ... on level 3 of the Dungeon.
             The game lasted 00:05:02 (1947 turns).

porpoise the Shooter (Human Hunter)                 Turns: 1947, Time: 00:05:03

Health: -5/35      AC:  4    Str: 12    XL:     4   Next: 90%
Magic:  4/4        EV: 12    Int:  9    God:
Gold:   171        SH:  0    Dex: 18    Spells: 3/3 levels left

rFire   . . .        a - +0 shortbow
rCold   . . .        (shield currently unavailable)
rNeg    . . .        c - +0 leather armour
rPois   .            (no helmet)
rElec   .            (no cloak)
rCorr   .            (no gloves)
SInv    .            h - +0 pair of boots
Will    .....        (no amulet)
Stlth   ++           (no ring)
HPRegen 0.25/turn    (no ring)
MPRegen 0.09/turn

%: no passive effects
@: no status effects
A: no striking features
a: no special abilities


You were on level 3 of the Dungeon.
You visited 1 branch of the dungeon, and saw 3 of its levels.

You collected 171 gold pieces.

Inventory:

Hand Weapons
 a - a +0 shortbow (weapon)
Missiles
 e - 11 poisoned darts
 l - 2 boomerangs
Armour
 c - a +0 leather armour (worn)
 h - a +0 pair of boots (worn)
Jewellery
 d - a ring of wizardry
 f - a ring of fire
Scrolls
 b - a scroll of butterflies
 i - a scroll of immolation {unknown}
Potions
 g - 2 potions of resistance
 j - 3 potions of haste
 n - a potion of mutation {unknown}
 o - a potion of lignification {unknown}
 p - a potion of invisibility {unknown}


   Skills:
 + Level 3.1 Fighting
 * Level 5.3 Ranged Weapons
 - Level 2.0 Dodging
 - Level 1.0 Stealth


You had 3 spell levels left.
You didn't know any spells.
Your spell library contained the following spells:

 Spells                   Type           Power      Damage    Failure   Level
 Sandblast                Erth           0%         2d4       45%         1
 Passwall                 Tmut/Erth      0%         N/A       61%         2
 Stone Arrow              Conj/Erth      0%         3d7       83%         3
 Brom's Barrelling Bould  Conj/Erth      0%         2d3       99%         4
 Vhi's Electric Charge    Tloc/Air       0%         N/A       99%         4
 Arcjolt                  Conj/Air       0%         1d10      100%        5
 Maxwell's Capacitive Co  Air            0%         ∞         100%        8


Dungeon Overview and Level Annotations

Branches:
Dungeon (3/15)

Altars:
Dithmenos
Kikubaaqudgha
Nemelex Xobeh


Message History

The orc hits you with a +0 flail.
You shoot an arrow. The arrow barely misses the orc.
The orc closely misses you.
You shoot an arrow. The arrow closely misses the orc.
The orc barely misses you.
You shoot an arrow. The arrow barely misses the orc.
You hear the brisk rusting of a drain nearby.
The orc closely misses you.
The orc priest hits you with a +0 flail.
The orc barely misses you. The orc closely misses you.
The orc barely misses you. The orc priest closely misses you.
The orc attacks as it pursues you! The orc hits you with a +0 flail.
You shoot an arrow. The arrow barely misses the orc.
The orc hits you with a +0 flail.
You shoot an arrow. The arrow barely misses the orc.
The orc hits you with a +0 flail!
You are too injured to fight recklessly!
You are too injured to fight recklessly!
You are too injured to fight recklessly!
You are too injured to fight recklessly!
You shoot an arrow. The arrow closely misses the orc. x2
You shoot an arrow. The arrow barely misses the orc.
The arrow hits the orc but does no damage.
The orc is severely wounded.
The orc barely misses you.
You shoot an arrow. The arrow hits the orc!
You kill the orc!
The orc hits you with a +0 flail.
* * * LOW HITPOINT WARNING * * *
You shoot an arrow. The arrow hits the orc!
You kill the orc!
You shoot an arrow. The arrow hits the orc priest.
The orc priest is lightly wounded.
The orc priest hits you with a +0 flail.
* * * LOW HITPOINT WARNING * * *
You shoot an arrow. The arrow hits the orc priest!
The orc priest is severely wounded.
The orc priest mumbles some strange prayers to Beogh against you.
Beogh smites you!
You die...

# #†#..# ..
#######.#..#
.########
........#..#
.......<#
...........#
.....####
.......)...# ...
...........#######
.#
....#.#...........
.
....#.#...........
..# #@#...........
.. #o#...........
#o#.......)...
#.............
###...........
#####o###.####
#....o.......#
#............#
#.#.#........#


You could see an orc priest and an orc.

Vanquished Creatures
  2 adders (D:2)
  A worm (D:2)
  3 orcs (D:3)
  3 ball pythons (D:1)
  4 endoplasms
  5 giant cockroaches
  5 goblins (D:2)
  8 hobgoblins
  6 jackals
  5 kobolds
  6 bats
  2 frilled lizards
  8 rats
58 creatures vanquished.

Notes
Turn   | Place    | Note
-------+----------+-------------------------------------------
     0 | D:1      | porpoise the Human Hunter began the quest for the Orb.
     0 | D:1      | Reached XP level 1. HP: 16/16 MP: 1/1
    83 | D:1      | Reached XP level 2. HP: 22/22 MP: 2/2
   415 | D:1      | Reached XP level 3. HP: 28/28 MP: 3/3
  1075 | D:2      | Reached XP level 4. HP: 34/34 MP: 4/4
  1210 | D:2      | Reached skill level 5 in Ranged Weapons
  1609 | D:3      | Found a sparkling altar of Nemelex Xobeh.
  1625 | D:3      | Found a faded altar of an unknown god.
  1630 | D:3      | Found an ancient bone altar of Kikubaaqudgha.
  1701 | D:3      | Identified the +10 plate armour of the Maze {rN++}
  1870 | D:3      | Found a shadowy altar of Dithmenos.
  1947 | D:3      | Killed from afar by an orc priest

Illustrated notes

Levels and vault maps discovered:
D:1:      dpeg_arrival_rooms_b, layout_basic
D:2:      minmay_door_path, layout_loops_cross, hangedman_decor_peaks_small
D:3:      layout_basic, mainiacjoe_overflow_brackets,
          nicolae_overflow_ecumenical_swirl, lemuel_doored_altar,
          gup_sewer_entry_bubbles, minmay_misc_feat_five, nrook_uturn

Skill      XL: |  1  2  3  4 |
---------------+-------------+-----
Ranged Weapons | 5 |  5.3
Fighting       | 3 |  3.1
Dodging        | |  2.0
Stealth        | |  1.0

Action                     |  1- 3 |  4- 6 || total
---------------------------+-------+-------++-------
   Fire: Shortbow          |   110 |    69 ||   179
    Use: Scroll            |       |     5 ||     5
 Armour: Leather armour    |    31 |    18 ||    49
  Dodge: Dodged            |    22 |    35 ||    57

Table legend: (Time is in decaauts)
 A = Elapsed time spent in this place.
 B = Non-inter-level travel time spent in this place.
 C = Inter-level travel time spent in this place.
 D = Time resting spent in this place.
 E = Time spent auto-exploring this place.
 F = Levels seen in this place.
 G = Mean time per level.
                   A        B        C        D        E       F      G
               +--------+--------+--------+--------+--------+-----+--------+
         Total |   1985 |   1917 |     68 |    123 |   1324 |   3 |  661.7 |
       Dungeon |   1985 |   1917 |     68 |    123 |   1324 |   3 |  661.7 |
               +--------+--------+--------+--------+--------+-----+--------+

Top non-repeatable levels by time:
     D:2: 833 daAuts
     D:1: 802 daAuts
     D:3: 349 daAuts
